 Dungeon Crawl Stone Soup version 0.30.1-11-g7821555f0a (webtiles) character file.

Game seed: 10514574976997861141

385 PurpleCat the Cleaver (level 6, -2/52 HPs)
             Began as a Minotaur Fighter on Nov 9, 2023.
             Killed from afar by Blork the orc (7 damage)
             ... with a magic dart
             ... on level 4 of the Dungeon.
             The game lasted 00:08:47 (2478 turns).

PurpleCat the Cleaver (Minotaur Fighter)            Turns: 2478, Time: 00:08:48

Health: -2/52      AC:  9    Str: 29    XL:     6   Next: 48%
Magic:  5/5        EV:  9    Int:  5    God:
Gold:   233        SH:  4    Dex:  9    Spells: 5/5 levels left

rFire   . . .        a - +0 war axe
rCold   + . .        c - +0 buckler
rNeg    . . .        t - +2 scale mail {rC+}
rPois   .            (helmet restricted)
rElec   .            (no cloak)
rCorr   .            (no gloves)
SInv    .            (no boots)
Will    .....        m - amulet of regeneration Stlth
                     n - +6 ring of strength
HPRegen 1.08/turn    (no ring)
MPRegen 0.09/turn

%: no passive effects
@: no status effects
A: horns 2, retaliatory headbutt
a: no special abilities


You were on level 4 of the Dungeon.
You visited 1 branch of the dungeon, and saw 4 of its levels.

You collected 233 gold pieces.

Inventory:

Hand Weapons
 a - a +0 war axe (weapon)
Missiles
 b - 8 stones (quivered)
Armour
 c - a +0 buckler (worn)
 t - a +2 scale mail of cold resistance (worn)
Jewellery
 m - an amulet of regeneration (around neck)
 n - a +6 ring of strength (left hand)
Wands
 s - a wand of paralysis (10)
Scrolls
 e - 2 scrolls of poison {unknown}
 f - 2 scrolls of amnesia {unknown}
 g - 2 scrolls of teleportation {unknown}
 i - 3 scrolls of identify {unknown}
 o - a scroll of magic mapping {unknown}
Potions
 d - a potion of might
 h - a potion of curing {unknown}
 j - a potion of mutation {unknown}
 k - a potion of berserk rage {unknown}
 l - a potion of lignification {unknown}
 p - a potion of degeneration {unknown}
 q - a potion of haste {unknown}
 r - a potion of ambrosia {unknown}


   Skills:
 - Level 3.9 Fighting
 + Level 8.0 Axes
 - Level 3.9 Armour
 - Level 3.9 Shields


You had 5 spell levels left.
You didn't know any spells.
Your spell library contained the following spells:

 Spells                   Type           Power      Damage    Failure   Level
 Necrotise                Necr           0%         1d4       78%         1
 Call Canine Familiar     Summ           0%         N/A       98%         3
 Portal Projectile        Hex/Tloc       0%         N/A       98%         3
 Vampiric Draining        Necr           0%         2d6       98%         3
 Leda's Liquefaction      Hex/Erth       0%         N/A       100%        4
 Petrify                  Tmut/Erth      0%         N/A       100%        4
 Agony                    Necr           0%         N/A       100%        5
 Metabolic Englaciation   Hex/Ice        0%         N/A       100%        5
 Statue Form              Tmut/Erth      0%         N/A       100%        6


Dungeon Overview and Level Annotations

Branches:
Dungeon (4/15)
 Temple: D:4-7

Altars:
Makhleb

Shops:
D:1 [

Annotations:
D:4 Blork the orc


Innate Abilities, Weirdness & Mutations

You have a pair of horns on your head.
You reflexively headbutt those who attack you in melee.


Message History

The puff of frost hits you. You resist.
Menkaure mumbles some strange words.
Menkaure seems to speed up.
Blork the orc hits you from afar with a +0 halberd!
Blork the orc drinks a potion.
Blork the orc suddenly seems more resistant.
You see here the +8 rapier "Ujipifye" {venom, Fragile Will+++ Dex+5 Stlth-}.
You slash Blork the orc!
Blork the orc is heavily wounded.
Menkaure grins.
Blork the orc hits you with a +0 halberd!
Blork the orc hits you with a +0 halberd.
You completely miss Blork the orc.
Blork the orc is heavily wounded.
You slash Menkaure! Menkaure hits you!
Blork the orc hits you with a +0 halberd.
* * * LOW HITPOINT WARNING * * *
You hit Menkaure but do no damage.
Menkaure is moderately damaged.
You hit Blork the orc. Menkaure hits you.
* * * LOW HITPOINT WARNING * * *
Blork the orc screams, "I'm much stronger than you!"
Blork the orc hits you with a +0 halberd.
* * * LOW HITPOINT WARNING * * *
Menkaure completely misses you. You furiously retaliate!
You headbutt Menkaure! You barely miss Menkaure. You headbutt Menkaure.
You destroy Menkaure!
You hit Blork the orc.
Blork the orc hits you with a +0 halberd.
* * * LOW HITPOINT WARNING * * *
Your Axes skill increases to level 8!
You have reached level 6!
You block Blork the orc's attack.
Blork the orc frowns.
Blork the orc points at you and mumbles some strange words.
The magic dart hits you!
* * * LOW HITPOINT WARNING * * *
Blork the orc casts a spell at you. The magic dart hits you!
You die...

##.....###.....##
#.......#.......#
#.......#.......#
#.......#.......#
##.....###.....## ###.).##
##.†.## #
.###'#######'#######+###.#
.........................##.#
#...............@...o).......
#...........................#
####'#######'#######+######.#
.##.†.## ##...##
##.....###.....##
#.......#.......#
#.......#.......#
#.......#...)...#
##.....###.....##


You could see Blork the orc (resistant).

Vanquished Creatures
  Menkaure (D:4)
  A bullfrog (D:4)
  Ijyb (D:4)
  2 orc wizards (D:2)
  4 adders
  An ufetubus (D:4)
  3 worms
  2 dart slugs (D:2)
  3 orcs
  2 bats
  4 endoplasms (D:1)
  2 giant cockroaches
  5 hobgoblins
  2 jackals (D:1)
  9 kobolds
  A quokka (D:2)
  9 ball pythons
  4 frilled lizards
  9 goblins
  7 rats
72 creatures vanquished.

Notes
Turn   | Place    | Note
-------+----------+-------------------------------------------
     0 | D:1      | PurpleCat the Minotaur Fighter began the quest for the Orb.
     0 | D:1      | Reached XP level 1. HP: 19/19 MP: 0/0
    98 | D:1      | Found Solaitus's Antique Armour Emporium.
   284 | D:1      | Reached XP level 2. HP: 27/27 MP: 1/1
   468 | D:1      | Reached skill level 3 in Axes
   932 | D:2      | Reached XP level 3. HP: 33/33 MP: 2/2
  1033 | D:2      | Reached skill level 4 in Axes
  1299 | D:2      | Reached XP level 4. HP: 40/40 MP: 3/3
  1740 | D:2      | Reached skill level 5 in Axes
  1813 | D:3      | Reached XP level 5. HP: 46/46 MP: 4/4
  1963 | D:3      | Found a burning altar of Makhleb.
  2043 | D:3      | Reached skill level 6 in Axes
  2344 | D:4      | Noticed Ijyb
  2352 | D:4      | Killed Ijyb
  2401 | D:4      | Reached skill level 7 in Axes
  2463 | D:4      | Noticed Blork the orc
  2465 | D:4      | Noticed Menkaure
  2469 | D:4      | Identified the +8 rapier "Ujipifye" {venom, Fragile Will+++
                  | Dex+5 Stlth-}
  2473 | D:4      | Killed Menkaure
  2474 | D:4      | Reached skill level 8 in Axes
  2474 | D:4      | Reached XP level 6. HP: 7/52 MP: 5/5
  2478 | D:4      | Killed from afar by Blork the orc

Illustrated notes

Levels and vault maps discovered:
D:1:      psy_arrival_conway, layout_basic, serial_shops, shop
D:2:      wad_crossroads, layout_loops_ring, skrybe_limestone_x
D:3:      layout_rooms, lightli_temple_of_fire
D:4:      kennysheep_six_static_rooms, layout_loops_cross, kennysheep_mini,
          minmay_temple_entry_nine_rooms, minmay_circle_x, uniq_ijyb,
          uniq_menkaure, uniq_blork_the_orc, uniq_robin

Skill      XL: |  1  2  3  4  5 |
---------------+----------------+-----
Axes           | 3 4 5 8 |  8.0
Fighting       | |  3.9
Armour         | |  3.9
Shields        | |  3.9

Action                     |  1- 3 |  4- 6 || total
---------------------------+-------+-------++-------
  Melee: War axe           |    91 |    85 ||   176
         Headbutt          |    16 |     9 ||    25
 Armour: Scale mail        |    50 |    47 ||    97
  Dodge: Dodged            |    42 |    47 ||    89
  Block: Buckler           |    18 |    13 ||    31
